 Dungeon Sprint DCSS version 0.27-a0-1140-g099f9bb0e8 (webtiles) character file.

Game seed: 10813837536152560260

1022 mhtbhm the Thaumaturge (level 8, 0/41 HPs)
             Began as a Deep Elf Fire Elementalist on May 8, 2021.
             Was a High Priest of Vehumet.
             Slain by an unseen horror (12 damage)
             ... in the Dungeon (Sprint VII: "The Pits").
             The game lasted 00:03:48 (1202 turns).

mhtbhm the Thaumaturge (Deep Elf Fire Elementalist) Turns: 1202, Time: 00:03:49

Health: 0/41       AC:  2    Str:  5    XL:     8   Next: 2%
Magic:  13/26      EV: 15    Int: 23    God:    Vehumet [*****.]
Gold:   0          SH:  0    Dex: 15    Spells: 18/32 levels left

rFire    . . .     SeeInvis .   l - +1 quarterstaff (protect)
rCold    . . .     Faith    .   (shield currently unavailable)
rNeg     . . .     Spirit   .   a - +0 robe
rPois    .         Reflect  .   (no helmet)
rElec    .         Harm     .   (no cloak)
rCorr    .         Rampage  .   (no gloves)
Will     .....     NoTele   +   (no boots)
Stlth    ++........             (no amulet)
HPRegen  0.13/turn              (no ring)
MPRegen  0.20/turn              (no ring)

@: no status effects
A: no striking features
a: Renounce Religion


You were in the Dungeon.
You worshipped Vehumet.
Vehumet was extremely pleased with you.
You visited 1 branch

Inventory:

Hand Weapons
 l - a +1 quarterstaff of protection (weapon)
Missiles
 k - 14 poisoned darts
Armour
 a - a +0 robe (worn)
Scrolls
 h - a scroll of blinking
 i - 5 scrolls of amnesia
 j - a scroll of summoning
Potions
 b - 2 potions of invisibility
 c - 5 potions of curing
 d - 6 potions of heal wounds
 e - a potion of haste
 f - 3 potions of magic
 g - 3 potions of berserk rage


   Skills:
 + Level 7.2 Dodging
 - Level 3.0 Stealth
 + Level 12.7 Spellcasting
 + Level 7.2 Conjurations
 + Level 12.7 Fire Magic


You had 18 spell levels left.
You knew the following spells:

 Your Spells              Type           Power      Damage    Failure   Level
a - Foxfire               Conj/Fire      100%       2x1d9     1%          1
b - Sandblast             Erth           28%        2d8       1%          1
c - Inner Flame           Hex/Fire       44%        N/A       1%          3
d - Sticky Flame          Conj/Fire      57%        2d7       1%          4
e - Fireball              Conj/Fire      28%        3d12      1%          5

Your spell library contained the following spells:

 Spells                   Type           Power      Damage    Failure   Level
 Lightning Bolt           Conj/Air       15%        1d29      7%          5
 Conjure Flame            Conj/Fire      57%        6-21      1%          3


Dungeon Overview and Level Annotations

Branches:
Dungeon (1/1)

Altars:
Ashenzari
Cheibriados
Dithmenos
Elyvilon
Fedhas
Gozag
Hepliaklqana
Kikubaaqudgha
Makhleb
Nemelex Xobeh
Okawaru
Qazlal
Ru
Sif Muna
Trog
Uskayaw
Vehumet
Wu Jian
Xom
Yredelemnul
Zin
The Shining One
Beogh
Jiyva
Lugonu


Message History

Aiming: Fireball (dangerous; 1% risk of failure)
Press: ? - help, Shift-Dir - straight line The fireball explodes!
The fireball engulfs the redback.
The redback is lightly wounded.
The hobgoblin shouts!
Unknown command.
Unknown command.
Unknown command.
Casting: Fireball (dangerous; 1% risk of failure)
Confirm with . or Enter, or press ? or * to list all spells.
Aiming: Fireball (dangerous; 1% risk of failure)
Press: ? - help, Shift-Dir - straight line The fireball explodes!
The fireball engulfs something!
The fireball engulfs the hobgoblin!
You kill the hobgoblin!
Vehumet accepts your kill.
Vehumet offers you knowledge of Lightning Bolt.
The fireball engulfs the redback!
The redback is severely wounded.
Something barely misses you.
Unknown command.
Unknown command.
Casting: Fireball (dangerous; 1% risk of failure)
Confirm with . or Enter, or press ? or * to list all spells.
Aiming: Fireball (dangerous; 1% risk of failure)
Press: ? - help, Shift-Dir - straight line The fireball explodes!
The fireball engulfs something!
The fireball engulfs you!!
Ouch! That really hurt!
* * * LOW HITPOINT WARNING * * *
The fireball engulfs the redback!!
You kill the redback!
Vehumet accepts your kill.
You feel your power returning. Something barely misses you.
Your Conjurations skill increases to level 7!
You have reached level 8!
You feel clever.
Unknown command.
You start resting.
Something hits you!
You die...

#.#..########...<...#
#.#.†'[))).##.......#
#.#..#[))).##.......#
#)###########.......#
#.†.....#.. #########
#).###..#.# ###
#.††....#.# ...#
##.###.##†#....#
#.......#@'†.†.+
#..###..#)#....#
#.......).# ...#
########### ###


There were no monsters in sight!

Vanquished Creatures
  An unseen horror (D)
  A redback (D)
  2 floating eyes (D)
  An ogre (D)
  Blork the orc (D)
  2 kobold brigands (D)
  A scorpion (D)
  2 adders (D)
  A river rat (D)
  A white imp (D)
  An endoplasm (D)
  A giant cockroach (D)
  A hobgoblin (D)
  2 kobolds (D)
  A ball python (D)
  2 bats (D)
  A frilled lizard (D)
  A rat (D)
23 creatures vanquished.

Vanquished Creatures (others)
  34 foxfires (D)
34 creatures vanquished.

Grand Total: 57 creatures vanquished

Notes
Turn   | Place    | Note
-------+----------+-------------------------------------------
     0 | D        | mhtbhm the Deep Elf Fire Elementalist began the quest for
                  | the Orb.
     0 | D        | Reached XP level 1. HP: 10/10 MP: 6/6
    22 | D        | Found a bloodstained altar of Trog.
    22 | D        | Found a shimmering blue altar of Sif Muna.
    22 | D        | Found a viscous altar of Jiyva.
    22 | D        | Found a hazy altar of Hepliaklqana.
    22 | D        | Found an opulent altar of Gozag.
    23 | D        | Found a glowing golden altar of the Shining One.
    23 | D        | Found a glowing silver altar of Zin.
    23 | D        | Found a basalt altar of Yredelemnul.
    23 | D        | Found a shimmering altar of Xom.
    23 | D        | Found an ornate altar of the Wu Jian Council.
    23 | D        | Found a sacrificial altar of Ru.
    23 | D        | Found a stormy altar of Qazlal.
    23 | D        | Found an iron altar of Okawaru.
    23 | D        | Found a sparkling altar of Nemelex Xobeh.
    23 | D        | Found a burning altar of Makhleb.
    23 | D        | Found a blossoming altar of Fedhas.
    23 | D        | Found a white marble altar of Elyvilon.
    23 | D        | Found a shadowy altar of Dithmenos.
    23 | D        | Found a snail-covered altar of Cheibriados.
    25 | D        | Found a radiant altar of Vehumet.
    25 | D        | Found a corrupted altar of Lugonu.
    26 | D        | Found a hide-covered altar of Uskayaw.
    26 | D        | Found an ancient bone altar of Kikubaaqudgha.
    26 | D        | Found a broken altar of Ashenzari.
    33 | D        | Became a worshipper of Vehumet
    91 | D        | Reached XP level 2. HP: 4/15 MP: 1/9
   428 | D        | Reached skill level 5 in Fire Magic
   486 | D        | Reached * piety under Vehumet
   486 | D        | Offered knowledge of Sandblast by Vehumet.
   517 | D        | Noticed a floating eye
   519 | D        | Paralysed by a floating eye for 4 turns
   520 | D        | Killed a floating eye
   520 | D        | Reached ** piety under Vehumet
   521 | D        | Reached XP level 3. HP: 19/19 MP: 4/13
   521 | D        | Reached XP level 4. HP: 24/24 MP: 4/15
   523 | D        | Noticed a floating eye
   526 | D        | Killed a floating eye
   527 | D        | Reached skill level 5 in Dodging
   527 | D        | Reached XP level 5. HP: 28/28 MP: 2/18
   665 | D        | Learned a level 1 spell: Sandblast
   669 | D        | Learned a level 3 spell: Inner Flame
   674 | D        | Learned a level 4 spell: Sticky Flame
   680 | D        | Learned a level 5 spell: Fireball
   681 | D        | Offered knowledge of Magic Dart by Vehumet.
   681 | D        | Noticed an ogre
   682 | D        | Reached *** piety under Vehumet
   683 | D        | Reached skill level 10 in Fire Magic
   683 | D        | Reached XP level 6. HP: 32/32 MP: 8/20
   683 | D        | Noticed Blork the orc
   685 | D        | Reached skill level 10 in Spellcasting
   686 | D        | Reached skill level 5 in Conjurations
   687 | D        | Killed Blork the orc
   825 | D        | Offered knowledge of Ignite Poison by Vehumet.
   825 | D        | Reached **** piety under Vehumet
   831 | D        | Noticed an unseen horror
   832 | D        | Killed an unseen horror
   833 | D        | Reached XP level 7. HP: 28/36 MP: 8/24
  1022 | D        | Offered knowledge of Hailstorm by Vehumet.
  1024 | D        | Reached ***** piety under Vehumet
  1198 | D        | Noticed a redback
  1200 | D        | Offered knowledge of Lightning Bolt by Vehumet.
  1201 | D        | Killed a redback
  1202 | D        | Reached XP level 8. HP: 12/41 MP: 13/26
  1202 | D        | Slain by an unseen horror

Illustrated notes

Levels and vault maps discovered:
D:        pitsprint [storerooms_1, entrance_room_1, metal_vault_5, armoury_2,
          mini_pit_1, grid_room_1, main_hall_1, silver_pit, the_coven_2,
          the_vestibule_1, steel_vault_1, golden_pit, hallway_of_sentries,
          crystal_vault_2, iron_vault_4, final_vault]

Skill      XL: |  1  2  3  4  5  6  7 |
---------------+----------------------+-----
Stealth        | 3 |  3.0
Spellcasting   | 4 7 8 9 12 | 12.7
Fire Magic     | 4 8 9 10 12 | 12.7
Dodging        | 4 5 6 7 |  7.2
Conjurations   | 2 3 4 6 7 |  7.2

Action                   |  1- 3 |  4- 6 |  7- 9 || total
-------------------------+-------+-------+-------++-------
Melee: Quarterstaff      |       |     3 |       ||     3
 Cast: Foxfire           |    18 |     5 |       ||    23
       Fireball          |       |     6 |     5 ||    11
       Sticky Flame      |       |     2 |     2 ||     4
  Use: Potion            |       |     1 |     1 ||     2
Armor: Robe              |       |     1 |       ||     1
Dodge: Dodged            |    10 |     7 |     2 ||    19

Table legend: (Time is in decaauts)
 A = Elapsed time spent in this place.
 B = Non-inter-level travel time spent in this place.
 C = Inter-level travel time spent in this place.
 D = Time resting spent in this place.
 E = Time spent auto-exploring this place.
 F = Levels seen in this place.
 G = Mean time per level.
                   A        B        C        D        E       F      G
               +--------+--------+--------+--------+--------+-----+--------+
         Total |   1201 |   1201 |      0 |    908 |      0 |   1 | 1201.0 |
       Dungeon |   1201 |   1201 |      0 |    908 |      0 |   1 | 1201.0 |
               +--------+--------+--------+--------+--------+-----+--------+

Top non-repeatable levels by time:
       D: 1201 daAuts
